 Dungeon Crawl Stone Soup version 0.25.1-2-g60ff931df9 (webtiles) character file.

Game seed: 10019386286370951305

21 lepoulpe303 the Ducker (level 2, -1/13 HPs)
             Began as a Spriggan Venom Mage on Oct 1, 2020.
             Slain by a jackal (3 damage)
             ... on level 1 of the Dungeon.
             The game lasted 00:05:31 (1495 turns).

lepoulpe303 the Ducker (Spriggan Venom Mage)        Turns: 1495, Time: 00:05:32

Health: -1/13      AC:  2    Str:  4    XL:     2   Next: 62%
Magic:  6/7        EV: 18    Int: 16    God:
Gold:   103        SH:  0    Dex: 16    Spells: 4/7 levels left

rFire    . . .     SeeInvis +   a - +0 short sword
rCold    . . .     Gourm    .   (shield restricted)
rNeg     . . .     Faith    .   c - +0 robe
rPois    .         Spirit   .   (helmet restricted)
rElec    .         Reflect  .   (no cloak)
rCorr    .         Harm     .   (gloves unavailable)
MR       .....                  (boots unavailable)
Stlth    ++........             (no amulet)
HPRegen  0.04/turn              (no ring)
MPRegen  0.10/turn              (no ring)

@: very quick
A: very small, unfitting armour, see invisible, herbivore, speed 3, slow
metabolism 2
a: no special abilities


You were on level 1 of the Dungeon.
You were not hungry.

You visited 1 branch of the dungeon, and saw 2 of its levels.

You collected 103 gold pieces.

Inventory:

Hand Weapons
 a - a +0 short sword (weapon)
Missiles
 g - 15 poisoned darts (quivered)
Armour
 c - a +0 robe (worn)
Jewellery
 k - a cursed -4 ring of dexterity {unknown}
Scrolls
 d - 2 scrolls of immolation {!r}
 i - a scroll of random uselessness {unknown}
 j - a scroll of blinking {unknown}
 m - 4 scrolls of identify {unknown}
Potions
 b - a potion of berserk rage {unknown}
 f - a potion of heal wounds {unknown}
 h - a potion of haste {unknown}
 l - a potion of degeneration {unknown}
Comestibles
 e - 3 rations


   Skills:
 + Level 0.5 Short Blades
 + Level 3.2 Dodging
 + Level 3.2 Stealth
 * Level 3.1 Spellcasting
 * Level 2.0 Transmutations
 * Level 3.2 Poison Magic


You had 4 spell levels left.
You knew the following spells:

 Your Spells              Type           Power        Failure   Level  Hunger
a - Sting                 Tmut/Pois      ##..         6%          1    #......
b - Poisonous Vapours     Pois/Air       #.....       14%         2    ##.....

Your spell library contained the following spells:

 Spells                   Type           Power        Failure   Level  Hunger
 Ignite Poison            Fire/Tmut/Pois #.......     26%         3    ###....
 Mephitic Cloud           Conj/Pois/Air  #.......     34%         3    ###....
 Olgreb's Toxic Radiance  Pois           ##......     43%         4    #####..


Dungeon Overview and Level Annotations

Branches:
Dungeon (2/15)

Altars:

Annotations:
D:2 Sigmund


Innate Abilities, Weirdness & Mutations

You are very small and have problems with some larger weapons.
You are too small for most types of armour.
You have supernaturally acute eyesight. (SInv)
You are a herbivore.
You cover ground extremely quickly.
You need to consume almost no food.


Message History

You're too confused to cast spells.
The jackal misses you. The jackal barely misses you. The jackal bites you.
* * * LOW HITPOINT WARNING * * *
You take 3 damage, and have 2/13 hp.
MASSIVE DAMAGE!!
You bump into the rock wall.
The jackal misses you.
Sigmund looks more healthy.
There is a stone staircase leading up here.
The jackal misses you. Sigmund closely misses you.
You climb upwards.
You feel less confused.
There is a stone staircase leading down here.
Aim: a jackal The sting hits the jackal but does no damage.
The jackal is poisoned.
The jackal barely misses you. x2
You now have 6/7 mp.
The jackal bites you.
You die...

### ###########.#
#...........#
###############.#########.#
#...............# #.#
#.#######################.##
#.# #.............#
###.############@#############
...............h>#
.....####.######.#
.....####.######.###
........#.#.รท......#
.....##.#.#.####.#.#
.....##.#.#......#.#
#######..........#.####
#.......###.#.......#


You could see a jackal (poisoned).

Levels and vault maps discovered:
D:1:      ldierk_water_garden, layout_basic
D:2:      layout_basic, uniq_sigmund

Notes
Turn   | Place    | Note
-------+----------+-------------------------------------------
     0 | D:1      | lepoulpe303 the Spriggan Venom Mage began the quest for the
                  | Orb.
     0 | D:1      | Reached XP level 1. HP: 9/9 MP: 5/5
    84 | D:1      | Identified a +0 whip
   104 | D:1      | Identified a +0 dagger
   679 | D:1      | lepoulpe303: !whichgod spvm
   679 | D:1      | meem: 56 recent wins for spvm: 37x Ashenzari, 8x Gozag, 4x
                  | Dithmenos, 3x Vehumet, Okawaru, Uskayaw, Fedhas, Sif Muna
   691 | D:2      | Identified a +0 club
   700 | D:2      | Reached XP level 2. HP: 13/13 MP: 4/6
   704 | D:2      | Learned a level 2 spell: Poisonous Vapours
   825 | D:2      | Identified a +0 scythe
   825 | D:2      | Identified a +0 robe
   825 | D:2      | Noticed Sigmund
   825 | D:2      | Identified a +0 short sword
   837 | D:1      | Reached skill level 3 in Spellcasting
   898 | D:2      | Reached skill level 2 in Transmutations
  1190 | D:2      | Identified 3 scrolls of immolation
  1427 | D:2      | HP: 3/13 [Sigmund/puff of flame (10)]
  1488 | D:2      | HP: 2/13 [jackal (3)]
  1495 | D:1      | Slain by a jackal

Table legend:
 A = Turns spent in this place as a percentage of turns spent in the entire game.
 B = Non-inter-level travel turns spent in this place as a percentage of non-inter-level travel turns spent in the entire game.
 C = Inter-level travel turns spent in this place as a percentage of turns spent in this place.
 D = Turns resting spent in this place as a percentage of non-inter-level travel turns spent in this place.
 E = Turns spent auto-exploring this place as a percentage of non-inter-level travel turns spent in this place.
 F = Non-inter-level travel turns spent in this place divided by the number of levels of this place that you've seen.
                   A       B       C       D       E      F
               +-------+-------+-------+-------+-------+----------------------
         Total | 100.0 | 100.0 |   3.1 |  20.7 |  59.7 | 724.0
       Dungeon | 100.0 | 100.0 |   3.1 |  20.7 |  59.7 | 724.0
               +-------+-------+-------+-------+-------+----------------------

Table legend:
 A = Kills in this place as a percentage of kills in entire the game.
 B = Kills by you in this place as a percentage of kills by you in the entire game.
 C = Kills by friends in this place as a percentage of kills by friends in the entire game.
 D = Other kills in this place as a percentage of other kills in the entire game.
 E = Experience gained in this place as a percentage of experience gained in the entire game.
 F = Experience gained in this place divided by the number of levels of this place that you have seen.
                   A       B       C       D       E      F
               +-------+-------+-------+-------+-------+----------------------
         Total | 100.0 | 100.0 |   N/A |   N/A | 100.0 |  15.0
       Dungeon | 100.0 | 100.0 |   N/A |   N/A | 100.0 |  15.0
               +-------+-------+-------+-------+-------+----------------------

Skill      XL: |  1  2 |
---------------+-------+-----
Spellcasting   | 3 |  3.1
Transmutations | 2 |  2.0
Short Blades   | |  0.5
Dodging        | |  3.2
Stealth        | |  3.2
Poison Magic   | |  3.2

Action                   || total
-------------------------++-------
Melee: Dagger            ||    20
       Short sword       ||    22
Throw: Dart              ||     8
 Cast: Sting             ||    13
  Use: Scroll            ||     1
 Stab: Sleeping          ||     4
Armor: Robe              ||     1
Dodge: Dodged            ||    50

Vanquished Creatures
  A dart slug (D:2)
  A leopard gecko (D:2)
  A giant cockroach (D:2)
  2 hobgoblins (D:2)
  A jackal (D:2)
  4 kobolds (D:1)
  A ball python (D:2)
  A bat (D:2)
  A frilled lizard (D:1)
  5 rats
18 creatures vanquished.

Vanquished Creatures (others)
  4 toadstools (D:1)
4 creatures vanquished.

Grand Total: 22 creatures vanquished
